 Dungeon Sprint DCSS version 0.29-a0-870-g2c972031a6 (webtiles) character file.

Game seed: 9471359723063056818

112 mhtbhm the Covered (level 4, -2/32 HPs)
             Began as a Gargoyle Fighter on July 17, 2022.
             Slain by an ice beast (10 damage)
             ... in the Dungeon (Sprint IX: "|||||||||||||||||||||||||||||").
             The game lasted 00:00:14 (137 turns).

mhtbhm the Covered (Gargoyle Fighter)                Turns: 137, Time: 00:00:16

Health: -2/32      AC: 11    Str: 22    XL:     4   Next: 93%
Magic:  4/4        EV: 10    Int:  8    God:
Gold:   0          SH:  5    Dex:  9    Spells: 3/3 levels left

rFire   . . .      SeeInvis .   a - +0 flail
rCold   . . .      Faith    .   c - +0 buckler
rNeg    + . .      Spirit   .   b - +0 scale mail
rPois   ∞          Reflect  .   (no helmet)
rElec   +          Harm     .   (no cloak)
rCorr   .          Rampage  .   (no gloves)
Will    .....      NoTele   +   (no boots)
Stlth   ..........              (no amulet)
HPRegen 0.10/turn               (no ring)
MPRegen 0.09/turn               (no ring)

@: mighty, on berserk cooldown, slowed, very slow
A: sickness immunity, AC +3, negative energy resistance 1, electricity
resistance, torment resistance 1, petrification resistance
a: no special abilities


You were in the Dungeon.
You visited 1 branch

Inventory:

Hand Weapons
 a - a +0 flail (weapon)
Armour
 b - a +0 scale mail (worn)
 c - a +0 buckler (worn)
Scrolls
 j - a scroll of blinking
Potions
 g - a potion of haste
 h - 2 potions of magic


   Skills:
 + Level 6.2 Fighting
 + Level 4.0 Maces & Flails
 + Level 6.3 Armour
 + Level 1.5 Dodging
 + Level 5.9 Shields


You had 3 spell levels left.
You didn't know any spells.
Your spell library was empty.

Dungeon Overview and Level Annotations

Branches:
Dungeon (1/1)

Altars:


Innate Abilities, Weirdness & Mutations

You are immune to sickness and miasma.
Your stone body is resilient. (AC +3)
You are immune to poison.
You resist negative energy. (rN+)
You are resistant to electric shocks. (rElec)
You are resistant to unholy torment.
You are immune to petrification.


Message History

The phantom barely misses you.
You are too injured to fight recklessly!
You feel better. The phantom closely misses you.
You sock the phantom!
The phantom is heavily damaged.
The phantom closely misses you. The phantom barely misses you.
You barely miss the phantom.
The phantom is heavily damaged.
The phantom hits you but does no damage. x2
You sock the phantom!
The phantom is almost destroyed.
You block the phantom's attack.
The phantom hits you but does no damage.
You closely miss the phantom.
The phantom is severely damaged.
The phantom hits you but does no damage. x2
You thump the phantom!
You destroy the phantom!
The ice beast hits you but does no damage.
Your Fighting skill increases to level 6!
Your Maces & Flails skill gained 2 levels and is now at level 4!
Your Armour skill increases to level 6!
Your Dodging skill increases to level 1!
Your Shields skill increases to level 5!
You have reached level 4!
You feel stronger.
You closely miss the ice beast. The ice beast barely misses you.
You closely miss the ice beast. The ice beast hits you.
The ice beast freezes you! You block the ice beast's attack.
You barely miss the ice beast. You block the ice beast's attack.
The ice beast hits you but does no damage.
You barely miss the ice beast. The ice beast closely misses you.
The ice beast hits you but does no damage.
You thump the ice beast!
The ice beast is moderately wounded.
The ice beast hits you but does no damage.
The ice beast hits you.
* * * LOW HITPOINT WARNING * * *
The ice beast freezes you!
You die...

▓+▓
▓.▓
▓.▓
▓.▓
▓.▓
▓.▓
▓Y▓
▓@▓
▓.▓
▓.▓
▓.▓
▓.▓
▓†▓
▓.▓
▓.▓
▓.▓


You could see an ice beast.

Vanquished Creatures
  A phantom (D)
  A hound (D)
  An orc (D)
  2 ball pythons (D)
  An endoplasm (D)
  A hobgoblin (D)
  2 quokkas (D)
9 creatures vanquished.

Notes
Turn   | Place    | Note
-------+----------+-------------------------------------------
     0 | D        | mhtbhm the Gargoyle Fighter began the quest for the Orb.
     0 | D        | Reached XP level 1. HP: 14/14 MP: 1/1
    22 | D        | Reached XP level 2. HP: 16/20 MP: 2/2
    92 | D        | Noticed an ice beast
    92 | D        | Noticed a phantom
   126 | D        | Reached skill level 5 in Fighting
   126 | D        | Reached skill level 5 in Armour
   126 | D        | Reached XP level 3. HP: 11/26 MP: 3/3
   132 | D        | Killed a phantom
   133 | D        | Reached skill level 1 in Dodging
   133 | D        | Reached skill level 5 in Shields
   133 | D        | Reached XP level 4. HP: 19/32 MP: 4/4
   137 | D        | Slain by an ice beast

Illustrated notes

Levels and vault maps discovered:
D:        linesprint [early_d, line_temple, items_1, d_10, items_2, lair_1,
          lair_end, items_3, orc_1, orc_end, items_4, d_15, swamp_1, shoals_1,
          snake_1, spider_1, d_20, vaults_1, items_5, swamp_end, shoals_end,
          snake_end, spider_end, vaults_end, d_27, items_6, zot_1, zot_end,
          crypt_end, forest_end, elf_end, slime_end, tomb_end, abyss_end,
          pan_hell_end]

Skill      XL: |  1  2  3 |
---------------+----------+-----
Fighting       | 4 5 6 |  6.2
Armour         | 5 6 |  6.3
Shields        | 4 5 |  5.9
Maces & Flails | 4 |  4.0
Dodging        | 1 |  1.5

Action                   |  1- 3 |  4- 6 || total
-------------------------+-------+-------++-------
Melee: Flail             |    54 |     5 ||    59
  Use: Potion            |     4 |       ||     4
Armor: Scale mail        |    37 |     3 ||    40
Dodge: Dodged            |    28 |     2 ||    30
Block: Buckler           |    13 |     2 ||    15

Table legend: (Time is in decaauts)
 A = Elapsed time spent in this place.
 B = Non-inter-level travel time spent in this place.
 C = Inter-level travel time spent in this place.
 D = Time resting spent in this place.
 E = Time spent auto-exploring this place.
 F = Levels seen in this place.
 G = Mean time per level.
                   A        B        C        D        E       F      G
               +--------+--------+--------+--------+--------+-----+--------+
         Total |    162 |    162 |      0 |     64 |      3 |   1 |  162.0 |
       Dungeon |    162 |    162 |      0 |     64 |      3 |   1 |  162.0 |
               +--------+--------+--------+--------+--------+-----+--------+

Top non-repeatable levels by time:
       D: 162 daAuts
